[Event "42nd Olympiad Baku 2016 Open"]
[Site "Baku"]
[Date "2016.09.02"]
[Round "1.14"]
[White "Barros Rivadeneira, Cristhian"]
[Black "Fidow, Kassim Hassan"]
[Result "1-0"]
[ECO "A46"]
[WhiteElo "2351"]
[BlackElo "1567"]
[PlyCount "59"]
[EventDate "2016.??.??"]
[EventCountry "AZE"]
[WhiteTeam "Equador"]
[BlackTeam "Somalia"]
[WhiteTeamCountry "ECU"]
[BlackTeamCountry "SOM"]
[TimeControl "40/5400+30:1800+30"]
[WhiteClock "0:25:33"]
[BlackClock "0:07:49"]

1. d4 {(00:00} Nf6 {(02:09} 2. Nf3 {(00:01} e6 {
(00:12} 3. g3 {(00:23} Be7 {(00:25} 4. Bg2 {(00:
25} O-O {(01:27} 5. O-O {(01:09} d6 {(00:35} 6. c4 {
(01:01} c6 {(01:58} 7. Nc3 {(00:39} Na6 {(00:45]
} 8. e4 {(02:38} Qc7 {(04:51} 9. e5 {(06:46} Ne8 {
(00:34} 10. exd6 {(10:01} Qxd6 {(03:06} 11. Qe2 {
(02:14} Nf6 {(00:55} 12. Bf4 {(02:46} Qd8 {(00:
40} 13. Rfd1 {(00:49} Re8 {(00:37} 14. a3 {(04:36} Nb8
{(00:23} 15. h4 {(08:57} h6 {(01:14} 16. Ne5 {(
02:29} Nbd7 {(00:30} 17. Rd2 {(06:27} Qb6 {(02:59} 18.
Rad1 {(01:31} Nf8 {(00:44} 19. Ne4 {(07:47} Bd7 {
(03:20} 20. Nxf6+ {(09:41} Bxf6 {(00:45} 21. Qg4 {
(00:15} Kh7 {(13:50} 22. Be4+ {(01:23} g6 {(03:
03} 23. h5 {(00:22} Bxe5 {(04:14} 24. dxe5 {(00:14}
Re7 {(05:38} 25. hxg6+ {(03:07} fxg6 {(15:32} 26. Bxh6
{(00:13} Kh8 {(07:26} 27. Qh4 {(02:23} Rh7 {(01:
40} 28. Qf6+ {(00:24} Kg8 {(00:18} 29. Rxd7 {(00:16}
Qb3 {(16:51} 30. Rg7+ 1-0

[Event "42nd Olympiad Baku 2016 Open"]
[Site "Baku"]
[Date "2016.09.02"]
[Round "1.2"]
[White "Bashirli, Nail"]
[Black "Marko, Helmut"]
[Result "1-0"]
[ECO "B30"]
[WhiteElo "2387"]
[BlackElo "1939"]
[PlyCount "66"]
[EventDate "2016.??.??"]
[EventCountry "AZE"]
[WhiteTeam "Aserbeidschan"]
[BlackTeam "Papua New Guinea"]
[WhiteTeamCountry "AZE"]
[BlackTeamCountry "PNG"]
[TimeControl "40/5400+30:1800+30"]
[WhiteClock "0:54:56"]

1. e4 {(00:00} c5 {(00:00} 2. Nf3 {(00:00} Nc6 {
(00:08} 3. Nc3 {(00:21} g6 {(01:18} 4. Bc4 {(02:
51} Bg7 {(05:55} 5. O-O {(01:23} d6 {(05:40} 6. h3 {
(07:42} Nf6 {(01:45} 7. a3 {(06:50} O-O {(05:40]
} 8. Rb1 {(00:11} a6 {(02:51} 9. Re1 {(07:31} b5 {
(01:41} 10. Ba2 {(00:14} Bb7 {(05:34} 11. d3 {(
01:33} h6 {(09:48} 12. Be3 {(01:44} e5 {(12:17} 13. b4
{(01:49} Qe7 {(03:47} 14. Nd5 {(01:47} Nxd5 {(
00:31} 15. exd5 {(00:45} Nd8 {(09:27} 16. c4 {(00:59}
bxc4 {(10:27} 17. dxc4 {(01:14} Bc8 {(02:48} 18. bxc5 {
(00:24} dxc5 {(03:45} 19. d6 {(00:08} Qa7 {(01:
03} 20. Qd5 {(00:34} Ne6 {(07:16} 21. Nxe5 {(00:33}
Bxe5 {(02:23} 22. Qxe5 {(00:22} Kh7 {(01:33} 23. Qf6 {
(00:34} Qd7 {(02:07} 24. Rbd1 {(01:05} Bb7 {(00:
46} 25. Bb1 {(03:26} Rae8 {(01:04} 26. Qh4 {(00:44}
Rh8 {(01:29} 27. Qf6 {(01:27} Rhg8 {(00:50} 28. f3 {
(00:38} Rh8 {(01:29} 29. h4 {(00:46} Rhg8 {(00:
35} 30. h5 {(00:18} Bc8 {(00:16} 31. Bf5 {(00:39} Rg7
{(00:16} 32. Bc2 {(01:14} Qd8 {(00:24} 33. Qc3 {
(01:48} Bd7 {(01:37} 1-0

[Event "42nd Olympiad Baku 2016 Open"]
[Site "Baku"]
[Date "2016.09.02"]
[Round "1.2"]
[White "Batchuluun, Tsegmed"]
[Black "Ip, Seng Tou"]
[Result "1-0"]
[ECO "D10"]
[WhiteElo "2513"]
[BlackElo "1675"]
[PlyCount "65"]
[EventDate "2016.??.??"]
[EventCountry "AZE"]
[WhiteTeam "Mongolei"]
[BlackTeam "Macau"]
[WhiteTeamCountry "MGL"]
[BlackTeamCountry "MAC"]
[TimeControl "40/5400+30:1800+30"]
[WhiteClock "1:11:15"]
[BlackClock "0:31:15"]

1. d4 {(00:00} d5 {(00:00} 2. c4 {(00:00} c6 {(
00:00} 3. cxd5 {(01:28} cxd5 {(00:03} 4. Bf4 {(00:06}
Nf6 {(00:18} 5. Nc3 {(00:08} Nc6 {(00:18} 6. e3 {
(00:07} Bf5 {(00:48} 7. Qb3 {(00:24} Na5 {(00:
24} 8. Qa4+ {(01:05} Bd7 {(00:17} 9. Qc2 {(02:26} Rc8
{(00:27} 10. Bd3 {(00:14} e6 {(03:53} 11. Nf3 {(
00:10} Be7 {(01:35} 12. h3 {(00:06} b5 {(00:53} 13. a3
{(00:44} O-O {(00:30} 14. O-O {(00:06} Nc4 {(00:
53} 15. Rfc1 {(02:47} Qb6 {(01:24} 16. Ne5 {(00:14}
Rfd8 {(03:34} 17. Nxd7 {(04:48} Rxd7 {(03:46} 18. Nxb5
{(08:42} a6 {(14:25} 19. Nc3 {(03:48} Qxb2 {(02:
19} 20. Nxd5 {(02:43} Qxc2 {(15:16} 21. Nxe7+ {(00:12}
Rxe7 {(02:58} 22. Rxc2 {(00:08} Nb6 {(03:49} 23. Rxc8+
{(00:41} Nxc8 {(00:03} 24. Bxa6 {(00:08} Nb6 {(
01:44} 25. Rb1 {(01:20} Nfd7 {(02:07} 26. Bb5 {(01:00}
f6 {(02:09} 27. a4 {(00:17} Kf7 {(04:34} 28. a5 {
(00:25} Nd5 {(01:18} 29. Bd6 {(00:07} Nc3 {(01:
57} 30. Bxe7 {(00:29} Nxb1 {(02:03} 31. Bb4 {(00:08}
Nb8 {(00:47} 32. a6 {(00:07} Nxa6 {(00:13} 33. Bxa6 {
(00:07} 1-0

[Event "42nd Olympiad Baku 2016 Open"]
[Site "Baku"]
[Date "2016.09.02"]
[Round "1.4"]
[White "Battulga, Namkhai"]
[Black "Ieong, Seak Hin"]
[Result "1-0"]
[ECO "A45"]
[WhiteElo "2402"]
[BlackElo "1841"]
[PlyCount "89"]
[EventDate "2016.??.??"]
[EventCountry "AZE"]
[WhiteTeam "Mongolei"]
[BlackTeam "Macau"]
[WhiteTeamCountry "MGL"]
[BlackTeamCountry "MAC"]
[TimeControl "40/5400+30:1800+30"]
[WhiteClock "0:46:48"]
[BlackClock "0:40:45"]

1. d4 {(00:00} Nf6 {(00:00} 2. Nd2 {(00:02} e6 {
(00:55} 3. Ngf3 {(00:13} d5 {(00:28} 4. e3 {(00:
05} c5 {(00:16} 5. c3 {(00:43} Nc6 {(00:42} 6. Bd3 {
(00:03} Bd6 {(01:20} 7. O-O {(00:10} O-O {(00:
11} 8. Qe2 {(00:35} Re8 {(08:38} 9. dxc5 {(01:40} Bxc5
{(00:14} 10. e4 {(00:07} e5 {(08:12} 11. exd5 {(
08:39} Nxd5 {(00:38} 12. Nb3 {(00:28} Bb6 {(13:59} 13.
Rd1 {(00:42} Qe7 {(17:52} 14. Bxh7+ {(00:32} Kxh7 {
(00:01} 15. Rxd5 {(00:03} Bg4 {(01:50} 16. Qc2+ {
(04:24} g6 {(01:58} 17. Ng5+ {(00:16} Kg7 {(00:
38} 18. Ne4 {(00:15} Bf5 {(03:36} 19. Qe2 {(26:27} Qh4
{(01:51} 20. Nd6 {(06:32} Rh8 {(01:09} 21. Nxf5+ {
(02:56} gxf5 {(00:02} 22. h3 {(00:10} Rag8 {(03:
43} 23. Qf3 {(09:42} f4 {(02:16} 24. Bd2 {(04:27} Kf8
{(01:24} 25. Kf1 {(00:11} Rh6 {(06:39} 26. c4 {(
12:23} Bd4 {(04:51} 27. Nxd4 {(02:33} Nxd4 {(00:02}
28. Rxd4 {(00:16} exd4 {(00:09} 29. Qxf4 {(00:07} Qxf4
{(01:50} 30. Bxf4 {(00:02} Rc6 {(01:09} 31. b3 {
(01:51} Ke7 {(00:47} 32. Rd1 {(03:24} Rd8 {(00:
05} 33. Ke2 {(00:18} Ra6 {(00:49} 34. a4 {(00:37} Rb6
{(00:52} 35. Bc7 {(00:50} Re6+ {(00:05} 36. Kd3 {
(00:04} Rd7 {(00:10} 37. Bb8 {(00:09} Rb6 {(01:
36} 38. Rb1 {(00:13} Rg6 {(01:01} 39. g3 {(00:19} Rf6
{(01:01} 40. Bf4 {(00:00} Re6 {(00:00} 41. c5 {(
01:33} Rd5 {(04:58} 42. b4 {(00:36} Rf6 {(01:47} 43.
h4 {(00:32} Kd7 {(01:09} 44. Kc4 {(00:22} Rdf5 {
(00:22} 45. Rd1 {(00:11} 1-0

[Event "42nd Olympiad Baku 2016 Open"]
[Site "Baku"]
[Date "2016.09.02"]
[Round "1.6"]
[White "Bernardi, Giancarlo"]
[Black "Mollah Abdullah, Al Rakib"]
[Result "0-1"]
[ECO "A20"]
[WhiteElo "1668"]
[BlackElo "2488"]
[PlyCount "50"]
[EventDate "2016.??.??"]
[EventCountry "AZE"]
[WhiteTeam "Italien"]
[BlackTeam "Bangladesch"]
[WhiteTeamCountry "ITA"]
[BlackTeamCountry "BAN"]
[TimeControl "40/5400+30:1800+30"]
[WhiteClock "0:33:13"]
[BlackClock "0:44:15"]

1. c4 {(00:00} e5 {(00:00} 2. g3 {(00:27} Nf6 {(
00:22} 3. Bg2 {(00:29} h6 {(00:07} 4. Nc3 {(01:16} Bb4
{(00:10} 5. Qb3 {(03:58} a5 {(07:08} 6. a3 {(00:
28} Bxc3 {(01:59} 7. Qxc3 {(04:49} O-O {(00:56} 8.
Qxe5 {(06:27} Re8 {(03:04} 9. Qc3 {(01:04} d5 {(
01:49} 10. cxd5 {(03:03} Nxd5 {(01:00} 11. Qd4 {(02:45]
} Be6 {(03:06} 12. Nh3 {(12:54} Nc6 {(01:28} 13. Qc5 {
(00:49} a4 {(11:48} 14. d3 {(11:06} Ra5 {(01:33]
} 15. Qc2 {(01:02} Nd4 {(02:59} 16. Qd1 {(01:28} Bg4 {
(04:11} 17. O-O {(05:57} Nxe2+ {(08:43} 18. Kh1 {
(00:38} Nxg3+ {(00:32} 19. hxg3 {(01:07} Bxd1 {(
00:06} 20. Rxd1 {(00:22} Rb5 {(00:11} 21. Be4 {(03:23}
Qd7 {(03:02} 22. Kg2 {(01:15} Nf6 {(03:25} 23. Bf3 {
(00:50} g5 {(00:11} 24. Nxg5 {(03:32} hxg5 {(00:
14} 25. Bxg5 {(00:08} Rxg5 {(00:11} 0-1

[Event "42nd Olympiad Baku 2016 Open"]
[Site "Baku"]
[Date "2016.09.02"]
[Round "1.33"]
[White "Berkes, Ferenc"]
[Black "Kojima, Shinya"]
[Result "1-0"]
[ECO "D02"]
[WhiteElo "2640"]
[BlackElo "2398"]
[PlyCount "61"]
[EventDate "2016.??.??"]
[EventCountry "AZE"]
[WhiteTeam "Ungarn"]
[BlackTeam "Japan"]
[WhiteTeamCountry "HUN"]
[BlackTeamCountry "JPN"]
[TimeControl "40/5400+30:1800+30"]
[WhiteClock "0:20:45"]
[BlackClock "0:00:46"]

1. d4 {(00:00} Nf6 {(00:00} 2. Nf3 {(00:00} d5 {
(00:15} 3. Bf4 {(00:00} c5 {(00:27} 4. e3 {(00:
00} Nc6 {(00:24} 5. Nbd2 {(00:00} cxd4 {(00:53} 6.
exd4 {(00:04} Bf5 {(00:09} 7. c3 {(00:07} e6 {(
00:52} 8. Qb3 {(00:05} Qc8 {(01:18} 9. Be2 {(02:07}
Be7 {(02:34} 10. O-O {(00:15} O-O {(03:14} 11. Rae1 {
(00:48} Ne4 {(06:15} 12. Nxe4 {(01:06} Bxe4 {(
00:46} 13. Qd1 {(00:30} a6 {(05:40} 14. Bd3 {(00:25}
Bxd3 {(02:55} 15. Qxd3 {(00:06} Qd7 {(05:28} 16. Re3 {
(01:31} Rfe8 {(04:25} 17. Rfe1 {(01:34} Rac8 {(
15:37} 18. h4 {(06:06} Bd6 {(09:01} 19. Bxd6 {(12:42}
Qxd6 {(00:05} 20. Ng5 {(00:24} g6 {(02:37} 21. h5 {
(05:49} Rc7 {(25:29} 22. Rh3 {(16:25} e5 {(10:
33} 23. hxg6 {(02:53} fxg6 {(00:55} 24. dxe5 {(12:55}
Nxe5 {(00:49} 25. Qd4 {(05:55} Rce7 {(01:01} 26. Rhe3 {
(03:38} Nc6 {(00:37} 27. Qh4 {(00:29} h5 {(00:
27} 28. Rxe7 {(03:36} Rxe7 {(00:06} 29. Rd1 {(00:07}
Re2 {(01:00} 30. Qh3 {(04:43} Ne7 {(00:22} 31. Qf3 {
(00:25} 1-0

[Event "42nd Olympiad Baku 2016 Open"]
[Site "Baku"]
[Date "2016.09.02"]
[Round "1.16"]
[White "Berry, Neil"]
[Black "Jacopucci, Enrique"]
[Result "1-0"]
[ECO "E81"]
[WhiteElo "2315"]
[BlackElo "1676"]
[PlyCount "69"]
[EventDate "2016.??.??"]
[EventCountry "AZE"]
[WhiteTeam "Schottland"]
[BlackTeam "ARU"]
[WhiteTeamCountry "SCO"]
[TimeControl "40/5400+30:1800+30"]
[WhiteClock "0:44:08"]
[BlackClock "0:18:55"]

1. d4 {(00:00} Nf6 {(00:00} 2. c4 {(00:00} g6 {(
00:00} 3. Nc3 {(00:00} Bg7 {(00:12} 4. e4 {(00:03} d6
{(00:12} 5. f3 {(00:13} O-O {(00:25} 6. Be3 {(
00:07} Nbd7 {(00:21} 7. Nge2 {(00:48} e5 {(00:35} 8.
Qd2 {(00:17} Re8 {(02:06} 9. d5 {(01:02} a6 {(
03:14} 10. g4 {(01:39} Kf8 {(05:53} 11. Ng3 {(01:13}
Ng8 {(00:52} 12. h4 {(07:48} h6 {(01:38} 13. Be2 {
(05:18} b6 {(05:36} 14. Kf2 {(02:33} Rb8 {(06:
29} 15. b4 {(01:19} Bb7 {(09:47} 16. h5 {(02:59} g5 {
(05:31} 17. Rhc1 {(04:23} Ne7 {(03:37} 18. Na4 {
(02:30} Kg8 {(03:34} 19. c5 bxc5 20. bxc5 {(04:28} dxc5
{(05:16} 21. Nxc5 {(02:34} Nxc5 {(01:07} 22. Rxc5 {
(00:31} Bf8 {(05:03} 23. Rac1 {(02:49} Rc8 {(04:
46} 24. R5c2 {(04:07} Qd7 {(02:24} 25. Rb1 {(02:22}
Rb8 {(01:42} 26. Rcb2 {(02:34} c6 {(04:31} 27. dxc6 {
(06:42} Qxd2 {(01:05} 28. Bxd2 {(01:04} Nxc6 {(
04:31} 29. Rxb7 {(00:35} Bc5+ {(01:08} 30. Be3 {(00:50]
} Bxe3+ {(02:15} 31. Kxe3 {(00:04} Rxb7 {(00:43} 32.
Rxb7 {(00:05} Nd4 {(00:24} 33. Nf5 {(02:00} Nxf5+ {
(00:51} 34. exf5 {(00:14} Ra8 {(02:17} 35. Bc4 {
(00:11} 1-0

[Event "42nd Olympiad Baku 2016 Open"]
[Site "Baku"]
[Date "2016.09.02"]
[Round "1.32"]
[White "Bersamina, Paulo"]
[Black "Mooney, Graham"]
[Result "1-0"]
[ECO "B24"]
[WhiteElo "2408"]
[BlackElo "1840"]
[PlyCount "100"]
[EventDate "2016.??.??"]
[EventCountry "AZE"]
[WhiteTeam "Philippinen"]
[BlackTeam "Kanalinseln"]
[WhiteTeamCountry "PHI"]
[BlackTeamCountry "JCI"]
[TimeControl "40/5400+30:1800+30"]
[WhiteClock "1:54:26"]
[BlackClock "1:04:14"]

1. e4 {(00:00} c5 {(00:29} 2. Nc3 {(00:00} Nc6 {
(00:04} 3. Bb5 {(00:00} a6 {(01:07} 4. Bxc6 {(
00:00} bxc6 {(00:34} 5. d3 {(00:01} d6 {(01:14} 6. f4
{(00:15} g6 {(03:05} 7. h3 {(00:20} Bg7 {(00:05]
} 8. Nf3 {(00:04} Nf6 {(01:27} 9. O-O {(00:07} O-O {
(00:03} 10. Qe1 {(00:04} e6 {(09:15} 11. e5 {(
00:56} Ne8 {(00:33} 12. Ne4 {(00:29} d5 {(00:26} 13.
Nxc5 {(00:12} a5 {(02:38} 14. b3 {(00:31} Nc7 {(
00:09} 15. a4 {(00:15} Na6 {(01:01} 16. Ba3 {(00:37}
Re8 {(03:41} 17. Qf2 {(02:08} Qb6 {(05:36} 18. d4 {
(04:37} Qd8 {(00:22} 19. Nd3 {(00:42} Rb8 {(01:
51} 20. Bd6 {(01:04} Ra8 {(04:41} 21. Rfe1 {(01:08}
Bf8 {(02:39} 22. Bxf8 {(00:34} Rxf8 {(00:11} 23. Nh2 {
(01:54} f5 {(03:56} 24. exf6 {(00:09} Qxf6 {(00:
31} 25. Ng4 {(00:09} Qg7 {(01:05} 26. Nge5 {(01:30}
Ra7 {(08:51} 27. Nxc6 {(00:29} Raf7 {(00:14} 28. Qd2 {
(02:21} Nb4 {(00:32} 29. Ndxb4 {(01:35} axb4 {(
04:19} 30. Ne5 {(00:07} Rxf4 {(00:38} 31. Rf1 {(00:07}
Qh6 {(01:57} 32. Rxf4 {(00:11} Qxf4 {(01:41} 33. Qxf4 {
(00:14} Rxf4 {(00:06} 34. Nf3 {(01:55} Ba6 {(01:
29} 35. Kf2 {(00:41} Kg7 {(02:53} 36. a5 {(01:51} Rf8
{(00:40} 37. Ke3 {(00:08} Rc8 {(01:30} 38. Kd2 {
(00:06} h6 {(00:40} 39. Ra4 {(00:29} Rb8 {(00:
40} 40. Ne1 {(00:00} Kf6 {(00:00} 41. Nd3 {(00:36}
Bxd3 {(03:36} 42. Kxd3 {(00:04} Ra8 {(00:18} 43. c3 {
(00:42} bxc3 {(01:02} 44. Kxc3 {(00:04} Kf5 {(
00:44} 45. Kd3 {(00:17} Kf4 {(00:35} 46. b4 {(00:04}
e5 {(00:26} 47. dxe5 {(00:13} Kxe5 {(00:04} 48. a6 {
(00:07} Kd6 {(00:30} 49. a7 {(00:16} Kc6 {(00:
10} 50. Ra5 {(00:11} Kb6 {(00:28} 1-0

[Event "42nd Olympiad Baku 2016 Open"]
[Site "Baku"]
[Date "2016.09.02"]
[Round "1.26"]
[White "Blagojevic, Dragisa"]
[Black "Izijk, Jimmy"]
[Result "1-0"]
[ECO "D31"]
[WhiteElo "2482"]
[BlackElo "1991"]
[PlyCount "45"]
[EventDate "2016.??.??"]
[EventCountry "AZE"]
[WhiteTeam "Montenegro"]
[BlackTeam "Niederländische Antillen"]
[WhiteTeamCountry "MNE"]
[BlackTeamCountry "AHO"]
[TimeControl "40/5400+30:1800+30"]
[WhiteClock "0:26:25"]
[BlackClock "0:08:51"]

1. d4 {(00:00} d5 {(00:00} 2. c4 {(00:00} c6 {(
00:00} 3. Nc3 {(00:00} e6 {(00:07} 4. e3 {(00:19} f5 {
(00:30} 5. Bd3 {(00:13} Nf6 {(00:11} 6. Nge2 {(
00:07} Bd6 {(00:30} 7. f3 {(02:03} O-O {(01:06} 8. O-O
{(00:21} Qe7 {(01:01} 9. Qc2 {(03:54} dxc4 {(10:
13} 10. Bxc4 {(00:14} b5 {(00:17} 11. Bb3 {(04:16} Kh8
{(03:36} 12. Bd2 {(14:21} a6 {(02:04} 13. e4 {(
10:35} fxe4 {(07:13} 14. Nxe4 {(01:40} Nxe4 {(29:14}
15. Qxe4 {(02:19} Ra7 {(01:35} 16. Bf4 {(15:48} Qc7 {
(22:37} 17. Bg3 {(06:33} Rf6 {(05:09} 18. Rac1 {
(02:09} Bxg3 {(00:52} 19. Nxg3 {(01:46} Qf7 {(
00:28} 20. Qe3 {(02:08} Rh6 {(01:59} 21. Rfe1 {(01:53}
Rc7 {(02:46} 22. d5 {(03:13} cxd5 {(00:41} 23. Qb6 {
(01:13} 1-0

[Event "42nd Olympiad Baku 2016 Open"]
[Site "Baku"]
[Date "2016.09.02"]
[Round "1.35"]
[White "Ble, Kouko Hubert"]
[Black "Cofre Archibold, Nestor"]
[Result "1-0"]
[ECO "B06"]
[WhiteElo "1918"]
[BlackElo "2255"]
[PlyCount "29"]
[EventDate "2016.??.??"]
[EventCountry "AZE"]
[WhiteTeam "CIV"]
[BlackTeam "Mexiko"]
[BlackTeamCountry "MEX"]
[TimeControl "40/5400+30:1800+30"]
[WhiteClock "1:14:44"]
[BlackClock "1:30:30"]

1. e4 {(00:00} g6 {(00:00} 2. Nc3 {(00:44} Bg7 {
(00:00} 3. d4 {(00:41} c5 {(00:04} 4. Nf3 {(01:
01} cxd4 {(00:07} 5. Nxd4 {(00:12} Nc6 {(00:04} 6. Be3
{(00:42} Nf6 {(00:07} 7. Be2 {(01:07} O-O {(00:
12} 8. O-O {(00:52} d5 {(03:06} 9. exd5 {(05:18} Nxd5
{(00:07} 10. Nxd5 {(02:36} Nxd4 {(00:34} 11. Bxd4 {
(02:58} Qxd5 {(00:07} 12. Bxg7 {(01:23} Qxd1 {(
00:10} 13. Rfxd1 {(00:29} Kxg7 {(00:08} 14. Rd4 {(01:
54} Bf5 {(01:44} 15. c3 {(02:49} 1-0

[Event "42nd Olympiad Baku 2016 Open"]
[Site "Baku"]
[Date "2016.09.02"]
[Round "1.6"]
[White "Bluebaum, Matthias"]
[Black "Teerapabpaisit, Wisuwat"]
[Result "1-0"]
[ECO "E90"]
[WhiteElo "2626"]
[BlackElo "2248"]
[PlyCount "51"]
[EventDate "2016.??.??"]
[EventCountry "AZE"]
[WhiteTeam "Deutschland"]
[BlackTeam "Thailand"]
[WhiteTeamCountry "GER"]
[BlackTeamCountry "THA"]
[TimeControl "40/5400+30:1800+30"]
[WhiteClock "0:09:54"]
[BlackClock "0:00:33"]

1. d4 {(00:00} Nf6 {(00:00} 2. c4 {(00:00} g6 {(
00:00} 3. Nc3 {(00:00} Bg7 {(00:00} 4. e4 {(00:00} d6
{(00:00} 5. Nf3 {(00:21} O-O {(00:00} 6. h3 {(
00:03} e5 {(00:56} 7. d5 {(00:22} Nh5 {(02:55} 8. g3 {
(00:15} f5 {(08:07} 9. exf5 {(00:22} gxf5 {(00:
09} 10. Ng5 {(00:37} Nf6 {(05:22} 11. g4 {(03:15} Qe7
{(07:39} 12. Qc2 {(06:37} e4 {(09:26} 13. gxf5 {
(08:14} Bxf5 {(00:45} 14. Be3 {(01:23} h6 {(12:
57} 15. Ne6 {(36:55} Bxe6 {(00:26} 16. dxe6 {(00:04}
Qxe6 {(01:20} 17. Rg1 {(01:33} Kh8 {(03:44} 18. O-O-O {
(07:25} Nc6 {(17:35} 19. Be2 {(01:56} Rf7 {(13:
45} 20. Nd5 {(10:02} Ne5 {(05:29} 21. Nxf6 {(08:23}
Qxf6 {(00:58} 22. Qxe4 {(00:58} Nxc4 {(08:54} 23. Bd4 {
(00:05} Ne5 {(00:22} 24. Qxb7 {(00:51} Re8 {(00:
13} 25. Bh5 {(03:20} Qf4+ {(00:55} 26. Be3 {(00:05}
1-0

[Event "42nd Olympiad Baku 2016 Open"]
[Site "Baku"]
[Date "2016.09.02"]
[Round "1.40"]
[White "Bok, Benjamin"]
[Black "Becham, Khalid"]
[Result "1-0"]
[ECO "D12"]
[WhiteElo "2592"]
[BlackElo "2134"]
[PlyCount "91"]
[EventDate "2016.??.??"]
[EventCountry "AZE"]
[WhiteTeam "Niederlande"]
[BlackTeam "Marokko"]
[WhiteTeamCountry "NED"]
[BlackTeamCountry "MAR"]
[TimeControl "40/5400+30:1800+30"]
[WhiteClock "0:31:27"]
[BlackClock "0:30:15"]

1. d4 {(00:00} d5 {(00:47} 2. Nf3 {(00:00} Nf6 {
(01:02} 3. c4 {(00:00} c6 {(02:41} 4. e3 {(00:
00} Bf5 {(03:53} 5. Nc3 {(00:02} e6 {(00:36} 6. Nh4 {
(00:29} Bg6 {(06:45} 7. Nxg6 {(02:33} hxg6 {(01:
23} 8. Bd2 {(00:08} Nbd7 {(00:24} 9. Qc2 {(01:28} Rc8
{(02:38} 10. O-O-O {(08:33} dxc4 {(04:38} 11. Bxc4 {
(00:13} b5 {(00:02} 12. Be2 {(00:41} b4 {(05:09]
} 13. Ne4 {(00:35} c5 {(00:07} 14. Nxf6+ {(01:21} gxf6
{(02:36} 15. Kb1 {(01:03} cxd4 {(03:12} 16. Qa4 {
(00:11} Bd6 {(09:43} 17. Bxb4 {(17:56} Bxb4 {(
06:17} 18. Qxb4 {(00:34} Qe7 {(00:50} 19. Rxd4 {(10:32]
} Qxb4 {(03:52} 20. Rxb4 {(01:32} Rc7 {(03:30} 21. h3 {
(03:45} Ke7 {(00:08} 22. Rc1 {(00:05} Rhc8 {(00:
05} 23. Rbc4 {(03:02} Rxc4 {(02:51} 24. Rxc4 {(00:25}
Rxc4 {(04:42} 25. Bxc4 {(00:18} g5 {(08:18} 26. Kc2 {
(02:22} f5 {(01:26} 27. b4 {(06:57} Kd6 {(03:52]
} 28. a4 {(03:33} Nf6 {(07:20} 29. Bd3 {(13:29} Nd5 {
(09:33} 30. Kb3 {(00:56} f4 {(02:23} 31. exf4 {(
01:39} Nxf4 {(00:02} 32. Bf1 {(00:07} e5 {(00:43} 33.
g3 {(04:56} Ne6 {(00:15} 34. Kc4 {(04:30} Nd4 {(
01:03} 35. Bg2 {(05:04} f5 {(02:00} 36. h4 {(01:03}
Ne6 {(00:55} 37. h5 {(02:18} e4 {(00:43} 38. h6 {
(02:06} Nf8 {(00:04} 39. b5 {(01:10} Ke5 {(01:
11} 40. a5 {(00:00} Kf6 {(00:00} 41. b6 {(04:59} axb6
{(01:33} 42. axb6 {(00:17} Kg6 {(01:16} 43. b7 {
(00:05} Nd7 {(00:20} 44. Kd5 {(00:17} Kxh6 {(01:
09} 45. Kd6 {(00:06} Nb8 {(00:18} 46. Bf1 {(00:13} 1-0

[Event "42nd Olympiad Baku 2016 Open"]
[Site "Baku"]
[Date "2016.09.02"]
[Round "1.30"]
[White "Bozinovic, Bogdan"]
[Black "Alcid, Allan"]
[Result "1-0"]
[ECO "D37"]
[WhiteElo "2219"]
[BlackElo "1750"]
[PlyCount "110"]
[EventDate "2016.??.??"]
[EventCountry "AZE"]
[WhiteTeam "Kroatien"]
[BlackTeam "PLW"]
[WhiteTeamCountry "CRO"]
[TimeControl "40/5400+30:1800+30"]
[WhiteClock "0:48:38"]
[BlackClock "1:00:27"]

1. d4 {(00:00} Nf6 {(00:01} 2. c4 {(00:16} e6 {(
00:28} 3. Nc3 {(00:35} d5 {(00:42} 4. Nf3 {(03:01} Nc6
{(01:27} 5. Bg5 {(01:09} Bb4 {(00:35} 6. e3 {(
03:56} Bd7 {(01:16} 7. Qc2 {(04:45} h6 {(00:35} 8. Bh4
{(02:19} g5 {(01:44} 9. Bg3 {(00:07} Ne4 {(00:
39} 10. Bd3 {(04:50} Nxg3 {(02:22} 11. hxg3 {(00:10}
Qe7 {(03:33} 12. O-O-O {(04:08} Bxc3 {(00:51} 13. Qxc3
{(00:17} Nb4 {(00:41} 14. Kb1 {(09:16} Nxd3 {(
03:56} 15. Qxd3 {(06:04} Qb4 {(06:39} 16. cxd5 {(01:34]
} exd5 {(01:47} 17. Nxg5 {(00:38} O-O-O {(04:51} 18.
Nf3 {(01:59} f6 {(03:22} 19. Rc1 {(00:33} Kb8 {(
03:24} 20. Rc5 {(00:56} Ba4 {(05:00} 21. Qc3 {(06:10}
Qxc3 {(00:59} 22. Rxc3 {(00:21} Rd6 {(03:15} 23. b3 {
(03:26} Bd7 {(00:44} 24. Kc2 {(01:07} a5 {(01:
13} 25. Kd2 {(01:45} Bf5 {(01:46} 26. Rhc1 {(00:48}
Rc8 {(00:21} 27. Rc5 {(01:41} b6 {(00:59} 28. Rc6 {
(00:47} Rxc6 {(03:28} 29. Rxc6 {(00:11} Rf8 {(
00:04} 30. Rc1 {(01:19} Kb7 {(01:50} 31. Rh1 {(01:35}
Rh8 {(02:24} 32. Rh5 {(02:37} Be4 {(00:22} 33. Ne1 {
(01:42} Kc6 {(00:45} 34. f3 {(00:59} Bg6 {(00:
02} 35. Rh4 {(00:41} Bb1 {(02:06} 36. a3 {(04:26} b5 {
(00:38} 37. Nd3 {(02:00} Bxd3 {(03:45} 38. Kxd3 {
(00:09} Kd6 {(00:18} 39. g4 {(00:00} c5 {(00:00]
} 40. dxc5+ {(00:00} Kxc5 {(00:00} 41. Rh5 {(02:17} b4
{(01:57} 42. a4 {(01:36} Kd6 {(00:14} 43. Kd4 {(
00:24} Rc8 {(05:32} 44. Rxd5+ {(05:19} Ke6 {(00:14}
45. Rxa5 {(00:45} Rc3 {(00:32} 46. Ra6+ {(01:09} Ke7 {
(00:15} 47. Ra7+ {(03:04} Kd6 {(01:51} 48. Rf7 {
(01:08} Ke6 {(00:12} 49. Rh7 {(01:54} Rxb3 {(00:
12} 50. Rxh6 {(00:12} Ra3 {(03:22} 51. g5 {(00:25}
Rxa4 {(02:04} 52. Rxf6+ {(00:14} Ke7 {(00:20} 53. Rb6 {
(01:16} b3+ {(00:33} 54. Kc3 {(00:33} Ra1 {(00:
23} 55. Rxb3 {(00:19} Ra6 1-0